 Dungeon Crawl Stone Soup version 0.31-a0-810-ga77100ea1a (webtiles) character file.

Game seed: 3883398119124945256

961 subawu the Ruffian (level 7, -1/51 (56) HPs)
             Began as a Yellow Draconian Shapeshifter on Sept 20, 2023.
             Slain by a water moccasin (5 damage)
             ... on level 5 of the Dungeon on Sept 21, 2023.
             The game lasted 00:14:33 (4741 turns).

subawu the Ruffian (Yellow Draconian Shapeshifter)  Turns: 4741, Time: 00:14:34

HP:   -1/51 (56)    AC:  6    Str: 16    XL:     7   Next: 92%
MP:   7/7           EV: 13    Int: 14    God:
Gold: 950           SH:  0    Dex: 11    Spells: 5/6 levels left

rFire   . .          .
                       - Unarmed
rCold   . . .        (no shield)
rNeg    . . .        (body armour unavailable)
rPois   .            (helmet currently unavailable)
rElec   .            (cloak currently unavailable)
rCorr   +            (gloves currently unavailable)
SInv    .            (boots currently unavailable)
Will    .....        (no amulet)
Stlth   ++           (no ring)
HPRegen 0.28/turn    (no ring)
MPRegen 0.10/turn

%: no passive effects
@: lethally poisoned (-1 -> -4), short of breath, beast-form, drained
A: beast (slay +2), spit acid, AC +6, unfitting armour, cold-blooded, acid
resistance, clever 1, MP-powered wands
a: Breathe Acid, Begin Untransformation


You were on level 5 of the Dungeon.
You were a hulking beast.
You visited 1 branch of the dungeon, and saw 5 of its levels.

You collected 950 gold pieces.

Inventory:

Missiles
 f - 54 stones
 k - a throwing net
Jewellery
 d - a ring of fire
 e - a +5 ring of evasion
 j - an amulet of guardian spirit
Talismans
 b - a beast talisman (active)
 c - a flux talisman
Wands
 n - a wand of flame (8)
Scrolls
 g - 2 scrolls of enchant armour
 l - 2 scrolls of revelation
 m - a scroll of identify
 o - 2 scrolls of fog
Potions
 a - a potion of invisibility {unknown}
 h - a potion of might (quivered) {unknown}
 i - a potion of mutation


   Skills:
 + Level 2.4 Fighting
 + Level 4.1 Dodging
 + Level 2.5 Stealth
 + Level 7.0 Unarmed Combat
 + Level 4.3 Shapeshifting


You had 5 spell levels left.
You knew the following spells:

 Your Spells              Type           Power      Damage    Failure   Level
a - Kiss of Death         Conj/Necr      0%         2d5       28%         1

Your spell library contained the following spells:

 Spells                   Type           Power      Damage    Failure   Level
 Magic Dart               Conj           0%         1d3       28%         1
 Blink                    Tloc           0%         N/A       41%         2
 Searing Ray              Conj           0%         2d4       41%         2
 Confusing Touch          Hex            0%         N/A       65%         3
 Ignite Poison            Fire/Tmut/Pois 0%         N/A       65%         3
 Dispel Undead            Necr           0%         3d6       96%         4
 Fulminant Prism          Conj/Hex       0%         3d5       96%         4
 Manifold Assault         Tloc           0%         N/A       96%         4
 Sticky Flame             Conj/Fire      0%         2d3       96%         4
 Ignition                 Fire           0%         3d3       100%        8


Dungeon Overview and Level Annotations

Branches:
Dungeon (5/15)             Temple (0/1) D:5

Altars:
Ashenzari
Cheibriados
Gozag
Qazlal

Shops:
D:5 (


Innate Abilities, Weirdness & Mutations

You are a hulking beast.
Your limbs bulge with bestial killing power. (Slay +2)
You can spit globs of acid.
Your golden yellow scales are hard. (AC +6)
You cannot fit into any form of body armour.
You are cold-blooded and may be slowed by cold attacks.
You are resistant to acid. (rCorr)
Your mind is acute. (Int +4, Str/Dex -1)
You expend magic power (3 MP) to strengthen your wands.


Message History

The water moccasin barely misses you. The water moccasin barely misses you.
The water moccasin closely misses you.
You see here 2 golden potions.
The water moccasin bites you.
* * * LOW HITPOINT WARNING * * *
You are poisoned.
The water moccasin poisons you!
You hit the water moccasin.
Your tail-slap misses the water moccasin.
The water moccasin is lightly wounded.
* * * LOW HITPOINT WARNING * * *
You feel very sick. The water moccasin closely misses you.
You punch the water moccasin!
The water moccasin is heavily wounded.
* * * LOW HITPOINT WARNING * * *
You feel sick. The water moccasin barely misses you.
The water moccasin misses you.
You barely miss the water moccasin.
Your tail-slap misses the water moccasin.
The water moccasin is moderately wounded.
* * * LOW HITPOINT WARNING * * *
You feel sick.
The water moccasin bites you but does no damage.
You barely miss the water moccasin.
The water moccasin is moderately wounded.
* * * LOW HITPOINT WARNING * * *
You feel sick. The water moccasin barely misses you.
You miss the water moccasin.
Your tail-slap misses the water moccasin.
The water moccasin is moderately wounded.
* * * LOW HITPOINT WARNING * * *
You feel sick.
The water moccasin bites you but does no damage.
You miss the water moccasin.
Your tail-slap misses the water moccasin.
The water moccasin is moderately wounded.
* * * LOW HITPOINT WARNING * * *
You feel sick. The water moccasin misses you. The water moccasin bites you.
You die...

##..#######..........###****,*
*##...................#******,*
*...########..........<,,,,,,,*
,....................,,,,,,,,,*
....##.#....#######..,,*,*,,,,*
...###..>###########.,*,*,*,,,*
..#####..#........#*,*,*,*,*,,*
......^..#........#*,,*,>,*,,,*
.#######......>!h.#*,*,*,*,*,,*
.#########......S.#*,,*,*,*,,**
...######.........#*,,,*,*,,,*
..................#*,,,,,,,,,*
...#######.>......#***********
..############.##.....,,,,,,*
..# *,,,,,,#.#*#$...:,,,,,* ..#
***,,,,,,#.#**......,,,,*
..###..,,,,,,#..**.g....,,,,*


You could see a water moccasin.

Vanquished Creatures
  Sigmund (D:3)
  An ice beast (D:4)
  2 ogres (D:4)
  2 scorpions (D:5)
  3 jellies
  An orc priest (D:2)
  2 hounds (D:5)
  3 iguanas
  4 gnolls (D:3)
  6 adders
  A worm (D:3)
  3 orcs (D:2)
  7 ball pythons
  9 endoplasms
  7 goblins
  8 hobgoblins
  3 jackals (D:2)
  7 kobolds
  4 quokkas
  5 bats
  3 frilled lizards
  4 rats
86 creatures vanquished.

Notes
Turn   | Place    | Note
-------+----------+-------------------------------------------
     0 | D:1      | subawu the Draconian Shapeshifter began the quest for the
                  | Orb.
     0 | D:1      | Reached XP level 1. HP: 16/16 MP: 1/1
   304 | D:1      | Reached XP level 2. HP: 22/23 MP: 2/2
   365 | D:1      | Upgraded the game from 0.31-a0-806-g0bc164a743 to
                  | 0.31-a0-810-ga77100ea1a
   994 | D:1      | Found a faded altar of an unknown god.
  1054 | D:2      | Reached XP level 3. HP: 26/28 MP: 3/3
  1425 | D:2      | Identified a scroll of acquirement
  1425 | D:2      | Acquired 637 gold pieces
  1435 | D:2      | Reached skill level 4 in Unarmed Combat
  1435 | D:2      | Reached XP level 4. HP: 6/35 MP: 4/4
  1439 | D:2      | HP: 2/52 [hobgoblin (3)]
  2245 | D:2      | Gained mutation: You expend magic power (3 MP) to
                  | strengthen your wands. [potion of mutation]
  2245 | D:2      | Gained mutation: Your mind is acute. (Int +4, Str/Dex -1)
                  | [potion of mutation]
  2339 | D:3      | Noticed Sigmund
  2359 | D:3      | Killed Sigmund
  2360 | D:3      | Reached skill level 1 in Stealth
  2360 | D:3      | Reached XP level 5. HP: 19/41 MP: 5/5
  2473 | D:3      | Reached skill level 5 in Unarmed Combat
  2473 | D:3      | Reached XP level 6. HP: 41/48 MP: 6/6
  3109 | D:4      | Learned a level 1 spell: Kiss of Death
  3551 | D:4      | Found a stormy altar of Qazlal.
  3568 | D:4      | Found a broken altar of Ashenzari.
  3589 | D:4      | Noticed an air elemental
  3589 | D:4      | Noticed a water elemental
  3589 | D:4      | Noticed a fire elemental
  3633 | D:4      | Reached skill level 6 in Unarmed Combat
  3633 | D:4      | Your scales start taking on a golden yellow colour.
  3633 | D:4      | Reached XP level 7. HP: 42/55 MP: 7/7
  3633 | D:4      | Gained mutation: You are resistant to acid. (rCorr) [Yellow
                  | Draconian growth]
  3800 | D:4      | Found a large runed translucent door.
  3801 | D:4      | Found a large runed translucent door.
  4027 | D:4      | Found an opulent altar of Gozag.
  4036 | D:4      | Found a snail-covered altar of Cheibriados.
  4325 | D:5      | Entered Level 5 of the Dungeon
  4597 | D:5      | Found Kuloh's Weapon Boutique.
  4678 | D:5      | Reached skill level 7 in Unarmed Combat
  4741 | D:5      | Slain by a water moccasin

Illustrated notes

Levels and vault maps discovered:
D:1:      matt_arrival_grand_opening, layout_loops_corners,
          hellmonk_ecumenical_altar_leap_of_faith, dreamdust_mushroom_princess
D:2:      layout_basic
D:3:      layout_basic, minmay_misc_feat_rows, uniq_sigmund
D:4:      layout_loops_cross, mainiacjoe_overflow_alcove_2,
          nicolae_qazlal_style_of_elements, jmf_multi_god_temple2
D:5:      layout_rooms, minmay_temple_entry_grid, serial_shops, shop

Skill      XL: |  1  2  3  4  5  6  7 |
---------------+----------------------+-----
Dodging        | 2 3 4 |  4.1
Unarmed Combat | 4 5 6 7 |  7.0
Stealth        | 1 2 |  2.5
Fighting       | 2 |  2.4
Shapeshifting  | 4 |  4.3

Action                     |  1- 3 |  4- 6 |  7- 9 || total
---------------------------+-------+-------+-------++-------
  Melee: Unarmed           |    82 |    98 |    86 ||   266
         Tailslap          |    16 |    12 |    13 ||    41
         Punch             |     1 |     2 |     3 ||     6
   Cast: Kiss of Death     |       |       |     1 ||     1
Ability: Breathe Acid      |       |       |     4 ||     4
    Use: Scroll            |     3 |     7 |     2 ||    12
         Potion            |     1 |     4 |     2 ||     7
   Stab: Sleeping          |       |       |     1 ||     1
 Armour: Skin              |    93 |    76 |    48 ||   217
  Dodge: Dodged            |    81 |    45 |    76 ||   202

Table legend: (Time is in decaauts)
 A = Elapsed time spent in this place.
 B = Non-inter-level travel time spent in this place.
 C = Inter-level travel time spent in this place.
 D = Time resting spent in this place.
 E = Time spent auto-exploring this place.
 F = Levels seen in this place.
 G = Mean time per level.
                   A        B        C        D        E       F      G
               +--------+--------+--------+--------+--------+-----+--------+
         Total |   4727 |   4634 |     93 |   1068 |   1718 |   5 |  945.4 |
       Dungeon |   4727 |   4634 |     93 |   1068 |   1718 |   5 |  945.4 |
               +--------+--------+--------+--------+--------+-----+--------+

Top non-repeatable levels by time:
     D:4: 1236 daAuts
     D:2: 1219 daAuts
     D:1: 1027 daAuts
     D:3: 834 daAuts
     D:5: 408 daAuts
